 Dungeon Crawl Stone Soup version 0.26-a0-21-gf97e55dc39 (webtiles) character file.

Game seed: 6946999299587045275, levelgen mode: deterministic

333905 kae the Axe Maniac (level 21, -11/221 HPs)
             Began as a Hill Orc Fighter on May 26, 2020.
             Was the Champion of Qazlal.
             Killed from afar by a deep elf sorcerer (16 damage)
             ... with a bolt of acid
             ... on level 5 of the Vaults on May 27, 2020.
             The game lasted 00:54:33 (46623 turns).

kae the Axe Maniac (Hill Orc Fighter)              Turns: 46623, Time: 00:54:34

Health: -11/221    AC: 27    Str: 29    XL:     21   Next: 83%
Magic:  40/43      EV: 15    Int:  8    God:    Qazlal [******]
Gold:   4702       SH:  8    Dex: 18    Spells: 20/20 levels left

rFire    + . .     SeeInvis +   b - +9 executioner's axe of Isoffoid {speed, +Inv MR+ MP+9}
rCold    + + .     Gourm    .   (shield currently unavailable)
rNeg     . . .     Faith    .   C - +7 crystal plate armour
rPois    +         Spirit   .   i - +2 hat {MR+}
rElec    +         Reflect  .   r - +2 cloak {rPois}
rCorr    .         Harm     .   (no gloves)
MR       ++++.     Clarity  +   p - +0 pair of boots {Fly}
Stlth    ..........             A - amulet of regeneration
HPRegen  0.86/turn              n - ring "Ibec" {rPois MR+ AC+4 Dex+4 SInv}
MPRegen  0.28/turn              F - ring "Ama Dith" {rElec rF+ rC++ Dex+4 Stlth+}

@: corroded, flying, very slightly contaminated, repel missiles
A: hooves 1, clarity, robust 1
}: 2/15 runes: barnacled, gossamer
a: Upheaval, Elemental Force, Disaster Area, Renounce Religion, Convert to
Beogh, Evoke Invisibility, Stop Flying


You were on level 5 of the Vaults.
You worshipped Qazlal.
Qazlal was exalted by your worship.
You were very hungry.

You visited 6 branches of the dungeon, and saw 35 of its levels.
You also visited: Ossuary.

You collected 4702 gold pieces.

Inventory:

Hand Weapons
 a - a +7 vampiric battleaxe
 b - the +9 executioner's axe of Isoffoid (weapon) {speed, +Inv MR+ MP+9}
   (You acquired it on level 1 of the Lair of Beasts)

   Attacks with this weapon are significantly faster.
   It affects your resistance to hostile enchantments.
   It affects your magic capacity (+9).
   It lets you turn invisible.
Armour
 i - a +2 hat of magic resistance (worn)
 p - a +0 pair of boots of flying (worn)
 r - a +2 cloak of poison resistance (worn)
 C - a +7 crystal plate armour (worn)
 K - the +2 hat of Ziyg {rC++}
   (You found it on level 1 of the Vaults)

   It greatly protects you from cold.
Jewellery
 d - an uncursed ring of resist corrosion
 n - the ring "Ibec" (left hand) {rPois MR+ AC+4 Dex+4 SInv}
   (You found it on level 3 of the Vaults)

   [ring of protection]

   It affects your AC (+4).
   It affects your dexterity (+4).
   It protects you from poison.
   It affects your resistance to hostile enchantments.
   It lets you see invisible.
 x - an uncursed amulet of guardian spirit
 A - an amulet of regeneration (around neck)
 F - the ring "Ama Dith" (right hand) {rElec rF+ rC++ Dex+4 Stlth+}
   (You found it on level 7 of the Dungeon)

   [ring of stealth]

   It affects your dexterity (+4).
   It protects you from fire.
   It greatly protects you from cold.
   It insulates you from electricity.
   It makes you more stealthy.
 M - the ring "Lah Tant" {rF++ rC++ rN+ Str-2}
   (You found it on level 4 of the Shoals)

   [ring of positive energy]

   It affects your strength (-2).
   It greatly protects you from fire.
   It greatly protects you from cold.
   It protects you from negative energy.
 S - an uncursed ring of protection from fire
Wands
 e - a wand of clouds (7)
 q - a wand of digging (24)
 t - a wand of flame (58)
 u - a wand of disintegration (13)
 w - a wand of random effects (26)
 E - a wand of iceblast (45)
 J - a wand of acid (15)
 O - a wand of paralysis (28)
 W - a wand of polymorph (4)
 Y - a wand of enslavement (4)
Scrolls
 l - 3 scrolls of blinking
 m - 3 scrolls of vulnerability
 v - 22 scrolls of teleportation
 y - 2 scrolls of silence
 D - 10 scrolls of identify
 G - 3 scrolls of magic mapping
 I - 4 scrolls of fear
 P - 4 scrolls of brand weapon
 R - 5 scrolls of fog
 T - 18 scrolls of remove curse
 V - 2 scrolls of summoning
 Z - 2 scrolls of amnesia
Potions
 g - 6 potions of heal wounds
 h - 12 potions of curing
 j - 2 potions of cancellation
 k - 6 potions of ambrosia
 o - 7 potions of flight
 z - 11 potions of might
 B - 3 potions of berserk rage
 H - a potion of invisibility
 L - 5 potions of brilliance
 N - 3 potions of mutation
 Q - 4 potions of lignification
 U - 2 potions of haste
 X - 2 potions of resistance
Comestibles
 f - 64 rations


   Skills:
 + Level 20.1 Fighting
 O Level 27 Axes
 - Level 17.1 Armour
 - Level 13.5 Dodging
   Level 3.2 Shields
 - Level 18.0 Invocations


You had 20 spell levels left.
You didn't know any spells.
Your spell library contained the following spells:

 Spells                   Type           Power        Failure   Level  Hunger
 Beastly Appendage        Tmut           #.....       99%         1    ##.....
 Corona                   Hex            #......      99%         1    ##.....
 Magic Dart               Conj           #...         99%         1    ##.....
 Blink                    Tloc           N/A          100%        2    ###....
 Call Imp                 Summ           #.......     100%        2    ###....
 Corpse Rot               Necr/Air       N/A          100%        2    ###....
 Ensorcelled Hibernation  Hex/Ice        #.....       100%        2    ###....
 Passwall                 Tmut/Erth      #.......     100%        2    ###....
 Searing Ray              Conj           #.....       100%        2    ###....
 Slow                     Hex            #.......     100%        2    ###....
 Sticks to Snakes         Tmut           #.......     100%        2    ###....
 Sublimation of Blood     Necr           #.........   100%        2    ###....
 Swiftness                Chrm/Air       #.......     100%        2    ###....
 Confusing Touch          Hex            #.......     100%        3    ####...
 Conjure Flame            Conj/Fire      #.......     100%        3    ####...
 Dazzling Flash           Conj/Hex       #.....       100%        3    ####...
 Gell's Gravitas          Tloc           #.........   100%        3    ####...
 Mephitic Cloud           Conj/Pois/Air  #.......     100%        3    ####...
 Recall                   Summ/Tloc      N/A          100%        3    ####...
 Spider Form              Tmut/Pois      #.........   100%        3    ####...
 Tukima's Dance           Hex            #.......     100%        3    ####...
 Animate Dead             Necr           N/A          100%        4    #####..
 Dispel Undead            Necr           #.......     100%        4    #####..
 Fulminant Prism          Conj/Hex       #.........   100%        4    #####..
 Ice Form                 Ice/Tmut       #.......     100%        4    #####..
 Iskenderun's Mystic Bla  Conj/Tloc      #.......     100%        4    #####..
 Passage of Golubria      Tloc           N/A          100%        4    #####..
 Petrify                  Tmut/Erth      #.......     100%        4    #####..
 Agony                    Necr           #.......     100%        5    ######.
 Blade Hands              Tmut           #.........   100%        5    ######.
 Bolt of Magma            Conj/Fire/Erth #.........   100%        5    ######.
 Borgnjor's Vile Clutch   Necr/Erth      #.........   100%        5    ######.
 Excruciating Wounds      Chrm/Necr      #.........   100%        5    ######.
 Iskenderun's Battlesphe  Conj/Chrm      #.......     100%        5    ######.
 Lee's Rapid Deconstruct  Erth           #.........   100%        5    ######.
 Metabolic Englaciation   Hex/Ice        #.........   100%        5    ######.
 Yara's Violent Unravell  Hex/Tmut       #.........   100%        5    ######.
 Darkness                 Hex            #.........   100%        6    #######
 Death Channel            Necr           #.........   100%        6    #######
 Invisibility             Hex            #.......     100%        6    #######
 Iron Shot                Conj/Erth      #.........   100%        6    #######
 Simulacrum               Ice/Necr       #.........   100%        6    #######
 Orb of Destruction       Conj           #.........   100%        7    #######
 Spellforged Servitor     Conj/Summ      #.........   100%        7    #######


Dungeon Overview and Level Annotations

Branches:
Dungeon (15/15)            Temple (1/1) D:5            Lair (6/6) D:11
 Shoals (4/4) Lair:3       Spider (4/4) Lair:4        Slime (0/5) Lair:6
    Orc (0/2) D:12         Vaults (5/5) D:14          Crypt (0/3) Vaults:3
 Depths (0/5) D:15        Ossuary (visited)

Altars:
Ashenzari
Cheibriados
Dithmenos
Elyvilon
Fedhas
Gozag
Hepliaklqana
Kikubaaqudgha
Makhleb
Nemelex Xobeh
Okawaru
Qazlal
Ru
Sif Muna
Trog
Uskayaw
Vehumet
Wu Jian
Xom
Yredelemnul
Zin
The Shining One
Beogh

Shops:
D:7 *[   D:11 [   D:12 [   Vaults:1 *

Annotations:
D:3 3 runed translucent doors, vurker's ghost, amateur DrTm
D:8 3 runed translucent doors, Glorfindel's ghost, novice TrFi
Lair:6 exclusion: 3 oklob plants


Innate Abilities, Weirdness & Mutations

You have large cloven feet.
You possess an exceptional clarity of mind.
You are robust. (+10% HP)


Message History

You barely miss the ironheart preserver.
The ironheart preserver is severely wounded.
You hit the orc knight but do no damage.
The deep troll earth mage casts a spell at the entropy weaver.
The metal wall shatters!
The blast of metal fragments hits you but does no damage.
The orc priest shouts, "Surrender to Beogh and we'll let you live!"
You closely miss the orc knight. You slice the ironheart preserver!!
You kill the ironheart preserver!
Qazlal accepts your kill.
The orc priest shouts, "Surrender to Beogh and we'll let you live!"
You hear a deafening roar!
The orc knight hits you with a +0 war axe!
* * * LOW HITPOINT WARNING * * *
The deep elf sorcerer gestures at you while chanting.
The bolt of acid hits the orc!
The orc is splashed with acid.
The acid corrodes the orc!
The orc dies!
The bolt of acid hits you!
You die...

########################
.......°o.e..Q.§p.o.....
..%.[☼○@)o.a.To......o..
.#####################o.
##. #.# #.. ##D .# !


You could see a tengu reaver, an entropy weaver, an orc knight, a deep elf
sorcerer, a deep troll earth mage, an orc priest (strong) and an orc wizard
(strong).

Vanquished Creatures
  Mennas (Vaults:3)
  Sojobo (Vaults:3)
  Arachne (Spider:3)
  Jorgrun (D:12)
  A tentacled monstrosity (Vaults:5)
  A lich (Vaults:4)
  The ghost of Wakhat the Tortoise, an adept MiFi of the Shining One (Vaults:1)
  Asterion (Vaults:1)
  2 sphinxes
  2 krakens
  4 tengu reavers
  A storm dragon (Vaults:5)
  Kirke (D:15)
  A fire giant (Vaults:1)
  A deep elf sorcerer (Vaults:5)
  2 ghost moths (Spider:4)
  3 frost giants
  6 emperor scorpions
  9 vault wardens
  2 orc warlords (Vaults:1)
  Aizul (Vaults:3)
  5 very ugly things (Vaults:3)
  The ghost of Amnesiac the Markself, a journeyman DEFi of Okawaru (Spider:2)
  9 ironheart preservers
  6 stone giants
  6 entropy weavers
  2 ettins
  9 merfolk impalers
  2 spark wasps (Spider:4)
  4 merfolk javelineers
  3 great orbs of eyes
  4 crystal guardians
  Josephine (D:15)
  A rakshasa (Vaults:3)
  A fire dragon (Vaults:1)
  3 yaktaur captains
  11 hydras
  23 vault guards
  3 ice dragons
  3 death knights
  4 merfolk aquamancers (Shoals:4)
  4 merfolk avatars
  5 centaur warriors
  An alligator snapping turtle (Shoals:4)
  11 two-headed ogres
  5 death yaks (Lair:4)
  2 orc high priests (Vaults:1)
  A deep troll shaman (Vaults:1)
  A deep troll earth mage (Vaults:4)
  12 ogre magi
  A deep elf knight (Vaults:2)
  2 shadow wraiths
  18 skeletal warriors
  A titan skeleton (Vaults:3)
  14 deep trolls
  11 sea snakes
  A glowing orange brain (Vaults:3)
  3 unseen horrors
  2 flayed ghosts
  5 wizards
  An orange crystal statue (D:13)
  18 harpies
  A necromancer (Vaults:1)
  14 orc knights
  A phantasmal warrior (D:14)
  19 ironbrand convokers
  32 ugly things
  A deep elf mage (Vaults:3)
  29 wolf spiders
  3 moths of wrath
  17 orb spiders
  A stone giant zombie (Vaults:1)
  A shadow dragon skeleton (Vaults:3)
  15 cyclopes
  11 manticores
  8 fauns
  3 oklob plants (Lair:5)
  An orc sorcerer (Vaults:1)
  8 elephants
  A tengu skeleton (Vaults:3)
  2 stone giant skeletons (Vaults:3)
  12 merfolk sirens
  4 torpor snails
  A naga mage (Vaults:4)
  8 vault sentinels
  Maurice (D:8)
  2 ice statues (Spider:3)
  3 water nymphs
  A gargoyle (D:15)
  6 black mambas
  A frost giant skeleton (Vaults:3)
  10 spiny frogs
  A yaktaur zombie (Vaults:1)
  29 yaktaurs
  3 rime drakes
  An efreet (D:15)
  6 komodo dragons
  A kobold demonologist (D:12)
  12 demonic crawlers
  2 tengu conjurers
  16 freezing wraiths
  2 yaktaur skeletons (Vaults:3)
  4 trolls
  33 merfolk
  42 jumping spiders
  A jumping spider (shapeshifter) (Vaults:4)
  6 human skeletons
  4 wind drakes
  A queen bee (shapeshifter) (D:15)
  3 meliai (D:14)
  18 hornets
  20 slime creatures
  7 polar bears
  A blink frog (shapeshifter) (Vaults:4)
  A raiju (shapeshifter) (Vaults:4)
  16 dream sheep
  21 blink frogs
  14 hippogriffs
  8 snapping turtles
  A centaur simulacrum (D:11)
  4 wyverns
  102 redbacks
  A vampire (D:12)
  8 wraiths
  2 shadows
  14 spriggans (Lair:6)
  29 tarantellas
  8 water elementals
  18 yaks
  A steam dragon (D:7)
  6 basilisks
  3 human simulacra
  2 hungry ghosts
  6 vampire mosquitoes
  A warg (Vaults:4)
  3 acid dragons
  13 water moccasins
  A soldier ant (D:15)
  8 porcupines
  Duvessa (D:7)
  2 deep troll skeletons
  2 sky beasts
  4 ice beasts
  5 black bears (Lair:6)
  2 eyes of draining
  A black bear (shapeshifter) (Vaults:1)
  A necrophage (D:13)
  An eye of draining (shapeshifter) (D:15)
  20 orc warriors
  3 phantoms
  18 ogres
  7 boggarts
  14 centaurs
  33 wolves
  21 crocodiles
  2 big kobolds
  14 bullfrogs
  A wyvern zombie (D:10)
  Dowan (D:7)
  A wyvern skeleton (D:12)
  5 scorpions
  18 killer bees
  An elf simulacrum (Vaults:2)
  20 wights
  3 howler monkeys (D:9)
  2 electric eels
  3 crimson imps
  A bullfrog zombie (D:11)
  A yaktaur simulacrum (Vaults:1)
  10 hounds
  4 centaur zombies
  2 jellies
  Crazy Yiuf (D:2)
  7 bullfrog skeletons
  11 orc priests
  18 orc wizards
  3 centaur skeletons
  4 iguanas
  6 hell rats (Lair:6)
  7 worker ants
  2 hound skeletons
  13 mummies (Ossuary)
  A howler monkey zombie (D:5)
  Robin (D:2)
  An adder (shapeshifter) (D:12)
  7 gnolls
  A worker ant zombie (D:6)
  21 adders
  5 shadow imps
  An adder zombie (D:9)
  An ooze (D:4)
  2 worms
  3 dart slugs
  6 leopard geckos
  100 orcs
  A ball python (D:3)
  7 bats
  5 giant cockroaches
  14 goblins
  6 hobgoblins
  10 jackals
  18 kobolds
  4 quokkas
  8 frilled lizards
  3 gnoll skeletons (Ossuary)
  2 kobold skeletons (Ossuary)
  3 orc skeletons (Ossuary)
  A quokka zombie (D:7)
  12 rats
  11 rat skeletons (Ossuary)
  A butterfly (Lair:1)
  8 fungi
  8 plants
  4 tentacles
1556 creatures vanquished.

Vanquished Creatures (collateral kills)
  2 vault guards (Vaults:5)
2 creatures vanquished.

Vanquished Creatures (others)
  A vault guard (Vaults:5)
  A satyr (Shoals:3)
  A faun (Shoals:3)
  A yaktaur (Vaults:3)
  A merfolk (Shoals:3)
  2 blink frogs (Lair:6)
  3 redbacks
  5 ogres
  3 orcs
  19 bushes (D:14)
  25 fungi
  41 plants
  6 tentacles
109 creatures vanquished.

Grand Total: 1667 creatures vanquished

Notes
Turn   | Place    | Note
-------+----------+-------------------------------------------
     0 | D:1      | kae the Hill Orc Fighter began the quest for the Orb.
     0 | D:1      | Reached XP level 1. HP: 19/19 MP: 1/1
    55 | D:1      | Reached skill level 3 in Axes
    61 | D:1      | Reached XP level 2. HP: 18/27 MP: 2/2
   513 | D:1      | Reached skill level 4 in Axes
   517 | D:1      | Reached XP level 3. HP: 33/33 MP: 3/3
  1074 | D:2      | Reached XP level 4. HP: 41/41 MP: 4/4
  1083 | D:2      | Noticed Robin
  1099 | D:2      | Reached skill level 5 in Axes
  1102 | D:2      | Killed Robin
  1392 | D:2      | Reached XP level 5. HP: 47/47 MP: 5/5
  1541 | D:2      | Found a runed translucent door.
  1542 | D:2      | Noticed Crazy Yiuf
  1752 | D:2      | Reached skill level 6 in Axes
  2096 | D:2      | Killed Crazy Yiuf
  2096 | D:2      | Reached skill level 5 in Fighting
  2204 | D:3      | Reached XP level 6. HP: 39/56 MP: 6/6
  2210 | D:3      | Reached skill level 7 in Axes
  2504 | D:3      | Found a runed translucent gate.
  2505 | D:3      | Found a runed translucent gate.
  2506 | D:3      | Found a runed translucent gate.
  2507 | D:3      | Noticed vurker's ghost (amateur DrTm)
  4116 | D:4      | Reached skill level 8 in Axes
  4116 | D:4      | Reached XP level 7. HP: 46/63 MP: 7/7
  4547 | D:5      | Entered Level 5 of the Dungeon
  4638 | D:5      | Reached skill level 9 in Axes
  4856 | D:5      | Reached XP level 8. HP: 35/73 MP: 8/8
  4896 | D:5      | Reached skill level 10 in Axes
  5189 | D:5      | Found a staircase to the Ecumenical Temple.
  5313 | Temple   | Entered the Ecumenical Temple
  5500 | Temple   | Became a worshipper of Qazlal Stormbringer
  5858 | D:6      | Reached skill level 11 in Axes
  5895 | D:6      | Reached * piety under Qazlal
  6539 | D:7      | Noticed Duvessa
  6540 | D:7      | Noticed Dowan
  6548 | D:7      | Killed Duvessa
  6548 | D:7      | Reached skill level 1 in Invocations
  6551 | D:7      | Reached XP level 9. HP: 55/82 MP: 6/10
  6559 | D:7      | Killed Dowan
  6635 | D:7      | Reached skill level 12 in Axes
  6661 | D:7      | Found Hozoed's Armour Boutique.
  6723 | D:7      | Found Zin's Purification Station.
  6725 | D:7      | Found a glowing silver altar of Zin.
  6798 | D:7      | Got a steaming amber ring
  6854 | D:7      | Reached skill level 10 in Fighting
  6869 | D:7      | Found a sand-covered staircase.
  6878 | Ossuary  | Entered an ossuary
  7064 | Ossuary  | Reached ** piety under Qazlal
  7326 | Ossuary  | Identified the ring "Ama Dith" {rElec rF+ rC++ Dex+4
                  | Stlth+} (You found it on level 7 of the Dungeon)
  7687 | D:7      | Reached skill level 13 in Axes
  7886 | D:8      | Found a runed translucent gate.
  7887 | D:8      | Noticed Glorfindel's ghost (novice TrFi)
  7888 | D:8      | Found a runed translucent gate.
  7890 | D:8      | Found a runed translucent gate.
  7890 | D:8      | Noticed a two-headed ogre
  7964 | D:8      | Reached *** piety under Qazlal
  8030 | D:8      | Noticed Maurice
  8041 | D:8      | Killed Maurice
  8041 | D:8      | Reached skill level 5 in Invocations
  8063 | D:8      | Reached XP level 10. HP: 70/95 MP: 10/14
  8616 | D:9      | Paralysed by a hornet for 3 turns
  8628 | D:9      | Reached skill level 14 in Axes
  9391 | D:10     | Entered Level 10 of the Dungeon
  9609 | D:10     | Reached **** piety under Qazlal
  9915 | D:10     | Reached skill level 15 in Axes
 10683 | D:11     | Reached XP level 11. HP: 105/106 MP: 12/17
 10790 | D:11     | Found Kedeonet's Armour Shop.
 10887 | D:11     | Reached skill level 16 in Axes
 10927 | D:11     | Found a staircase to the Lair.
 11037 | D:11     | Noticed a manticore
 11050 | D:11     | Killed a manticore
 11623 | D:12     | Gained mutation: Your muscles are strong. (Str +2) [potion
                  | of mutation]
 11623 | D:12     | Gained mutation: You are clumsy. (Dex -2) [potion of
                  | mutation]
 11623 | D:12     | Gained mutation: You have large cloven feet. [potion of
                  | mutation]
 11633 | D:12     | Noticed a wizard
 11640 | D:12     | Killed a wizard
 11709 | D:12     | Reached ***** piety under Qazlal
 11729 | D:12     | Noticed Jorgrun
 11752 | D:12     | Killed Jorgrun
 11752 | D:12     | Reached skill level 15 in Fighting
 11752 | D:12     | Reached skill level 17 in Axes
 11752 | D:12     | Reached skill level 10 in Invocations
 11752 | D:12     | Reached XP level 12. HP: 119/119 MP: 15/19
 12011 | D:12     | Found Wevais's Armour Emporium.
 12202 | D:12     | Found a staircase to the Orcish Mines.
 12290 | D:12     | Reached skill level 18 in Axes
 12701 | Lair:1   | Entered Level 1 of the Lair of Beasts
 12702 | Lair:1   | Identified a scroll of acquirement
 12703 | Lair:1   | Got the +9 executioner's axe of Isoffoid {speed, +Inv MR+
                  | MP+9}
 12719 | Lair:1   | Found a gate leading to a gauntlet.
 12933 | Lair:1   | Noticed a five-headed hydra
 12941 | Lair:1   | Killed an eight-headed hydra
 13149 | Lair:1   | Noticed a five-headed hydra
 13158 | Lair:1   | Killed a 12-headed hydra
 13754 | Lair:2   | Reached XP level 13. HP: 130/130 MP: 21/21
 13769 | Lair:2   | Reached skill level 19 in Axes
 14591 | Lair:3   | Found a staircase to the Shoals.
 15778 | Lair:4   | Reached skill level 20 in Axes
 16375 | Lair:4   | Found a hole to the Spider Nest.
 16988 | Lair:5   | Reached ****** piety under Qazlal
 17001 | Lair:5   | Reached XP level 14. HP: 132/140 MP: 24/24
 17377 | Lair:5   | Found a snail-covered altar of Cheibriados.
 17726 | Lair:5   | You fall into a shaft and drop 1 floor!
 17726 | Lair:6   | Entered Level 6 of the Lair of Beasts
 17743 | Lair:6   | Reached skill level 21 in Axes
 19479 | Lair:6   | Reached skill level 22 in Axes
 19824 | Lair:6   | Found a staircase to the Slime Pits.
 20456 | D:13     | Reached XP level 15. HP: 144/150 MP: 26/26
 20509 | D:13     | Reached skill level 15 in Invocations
 20574 | D:13     | Found a runed translucent door.
 21297 | D:14     | Found an opulent altar of Gozag.
 21458 | D:14     | Found a shadowy altar of Dithmenos.
 22002 | D:14     | Reached skill level 23 in Axes
 22364 | D:14     | Found a gate to the Vaults.
 22885 | D:15     | Entered Level 15 of the Dungeon
 23267 | D:15     | Found a staircase to the Depths.
 23366 | D:15     | Reached XP level 16. HP: 160/160 MP: 28/28
 23367 | D:15     | Noticed Josephine
 23376 | D:15     | Killed Josephine
 23591 | D:15     | Noticed Kirke
 23603 | D:15     | Killed Kirke
 24365 | Spider:1 | Entered Level 1 of the Spider Nest
 25039 | Spider:1 | Lost mutation: Your muscles are strong. (Str +2) [potion of
                  | mutation]
 25039 | Spider:1 | Gained mutation: You are partially covered in icy blue
                  | scales. (AC +2) [potion of mutation]
 25039 | Spider:1 | Lost mutation: You are partially covered in icy blue
                  | scales. (AC +2) [potion of mutation]
 25039 | Spider:1 | Gained mutation: You evolve. [potion of mutation]
 25039 | Spider:1 | Lost mutation: You are clumsy. (Dex -2) [potion of
                  | mutation]
 25461 | Spider:1 | Reached skill level 24 in Axes
 25793 | Spider:1 | Gained mutation: You possess an exceptional clarity of
                  | mind. [evolution]
 28392 | Spider:2 | Noticed Amnesiac's ghost (journeyman DEFi)
 28394 | Spider:2 | Found a runed translucent door.
 28579 | Spider:2 | Killed Amnesiac's ghost
 29252 | Spider:3 | Reached XP level 17. HP: 124/170 MP: 29/29
 29252 | Spider:3 | Noticed Arachne
 29704 | Spider:3 | Killed Arachne
 29704 | Spider:3 | Reached skill level 25 in Axes
 30561 | Spider:4 | Entered Level 4 of the Spider Nest
 30567 | Spider:4 | Reached skill level 1 in Dodging
 30609 | Spider:3 | Reached skill level 5 in Armour
 33020 | Spider:3 | Reached skill level 5 in Dodging
 33884 | Spider:4 | Got a gossamer rune of Zot
 34020 | Shoals:1 | Entered Level 1 of the Shoals
 34510 | Shoals:1 | Reached XP level 18. HP: 178/178 MP: 31/31
 34715 | Shoals:1 | Gained mutation: You are surrounded by a mild repulsion
                  | field. (EV +2) [evolution]
 36174 | Shoals:3 | Reached skill level 10 in Armour
 36791 | Shoals:3 | Lost mutation: You are surrounded by a mild repulsion
                  | field. (EV +2) [evolution]
 37424 | Shoals:4 | Entered Level 4 of the Shoals
 38862 | Shoals:4 | Got a heavily runed granite ring
 39006 | Shoals:4 | Reached XP level 19. HP: 185/185 MP: 32/32
 39291 | Shoals:4 | Got a barnacled rune of Zot
 39461 | Shoals:4 | Identified the ring "Lah Tant" {rF++ rC++ rN+ Str-2} (You
                  | found it on level 4 of the Shoals)
 39686 | Vaults:1 | Entered Level 1 of the Vaults
 39921 | Vaults:1 | Found a runed translucent gate.
 39921 | Vaults:1 | Found a runed translucent gate.
 39922 | Vaults:1 | Noticed Wakhat's ghost (adept MiFi)
 39922 | Vaults:1 | Found a runed translucent gate.
 39922 | Vaults:1 | Identified the cursed +0 battleaxe of the Maze {holy, Str+4
                  | Dex+4}
 39959 | Vaults:1 | Reached skill level 10 in Dodging
 40185 | Vaults:1 | Noticed Asterion
 40198 | Vaults:1 | Killed Asterion
 40843 | Vaults:1 | Found Cetemm's Assorted Antiques.
 41196 | Vaults:1 | Found a roughly hewn altar of Beogh.
 41254 | Vaults:1 | Killed Wakhat's ghost
 41399 | Vaults:1 | Got a dazzling hat
 41421 | Vaults:1 | Identified the +2 hat of Ziyg {rC++} (You found it on level
                  | 1 of the Vaults)
 42371 | Vaults:2 | Reached XP level 20. HP: 193/193 MP: 33/33
 42776 | Vaults:2 | Reached skill level 15 in Armour
 43145 | Vaults:3 | Noticed Mennas
 43184 | Vaults:3 | Killed Mennas
 43538 | Vaults:3 | Noticed Aizul
 43552 | Vaults:3 | Killed Aizul
 44225 | Vaults:3 | Identified the +1 glaive "Bityif" {flame, +Inv Int+3}
 44262 | Vaults:3 | Found a staircase to the Crypt.
 44341 | Vaults:3 | Noticed Sojobo
 44404 | Vaults:3 | Killed Sojobo
 44745 | Vaults:3 | Reached XP level 21. HP: 201/201 MP: 34/34
 44758 | Vaults:3 | Got a transparent copper ring
 44795 | Vaults:3 | Identified the ring "Ibec" {rPois MR+ AC+4 Dex+4 SInv} (You
                  | found it on level 3 of the Vaults)
 45016 | Vaults:4 | Got a wavering silver ring
 45163 | Vaults:4 | Identified the cursed +1 robe of Noon {-Tele Str+4 Dex+5}
 45173 | Vaults:4 | Found a radiant altar of Vehumet.
 45593 | Vaults:4 | Gained mutation: You are robust. (+10% HP) [evolution]
 45593 | Vaults:4 | Lost mutation: You evolve. [end of evolution]
 46067 | Vaults:4 | Reached skill level 26 in Axes
 46539 | Vaults:4 | Identified the cursed ring of Xamic {rF- rC+ rN+ AC-4 SInv}
                  | (You found it on level 4 of the Vaults)
 46542 | Vaults:5 | Entered Level 5 of the Vaults
 46574 | Vaults:5 | HP: 5/221 [stone giant/large rock (14)]
 46574 | Vaults:5 | Noticed a golden dragon
 46617 | Vaults:5 | Reached skill level 27 in Axes
 46623 | Vaults:5 | HP: 5/221 [orc knight/+0 war axe (13)]
 46623 | Vaults:5 | Killed from afar by a deep elf sorcerer

Illustrated notes

Levels and vault maps discovered:
D:1:      minmay_arrival_jagged, layout_rooms, amethyst_killhole
D:2:      layout_basic, first_ration, uniq_crazy_yiuf_cottage, uniq_robin
D:3:      layout_loops_ring, gammafunk_ghost_split
D:4:      layout_loops_corners, minmay_misc_feat_square, minmay_misc_feat_x
D:5:      layout_rooms, minmay_temple_entry_glass,
          chequers_hall_statues_corner_a
D:6:      layout_rooms, minmay_manual_mares
D:7:      layout_basic, zin_purify, serial_shops, shop, enter_ossuary_1,
          uniq_duvessa
D:8:      layout_loops_cross, gammafunk_ghost_split, uniq_maurice
D:9:      layout_rooms
D:10:     layout_stronghold
D:11:     layout_gridville, minmay_lair_entry_grove, serial_shops, shop_statue
D:12:     layout_gridville, hiddenorc2_lemuel, serial_shops, shop,
          hangedman_fish_farm, uniq_jorgrun
D:13:     layout_long_grid, minmay_crystal_box
D:14:     layout_cave_pods, david_vaults_4, serial_park, serial_park_tiny_1,
          serial_park_gazebo [serial_park_minivault_5x5_8],
          nicolae_dithmenos_shadow_blocks, nicolae_gozag_seed_capital
D:15:     hangedman_depths_entry_civil_slaughter, layout_loops_corners,
          serial_rivers, chequers_serial_rivers_small_a,
          chequers_serial_rivers_marsh, chequers_serial_rivers_micro_b,
          chequers_serial_rivers_large_b, nicolae_lava_and_water,
          uniq_josephine, uniq_kirke
Temple:   minmay_crystal_snake_temple
Lair:1:   layout_loops_ring, gauntlet_entry_generic, beast_lair_carwin_8,
          grunt_megastairs_5, lemuel_fruit_fields, serial_bayou_shore_b
Lair:2:   layout_hall_layers, eino_small_chamber_without_monster,
          gammafunk_lair_bear_cave, lemuel_fruit_fields
Lair:3:   layout_small_grid, minmay_shoals_entry_centaurs, lemuel_old_faithful
Lair:4:   layout_loops_ring, nicolae_spider_entry_tight_spaces,
          serial_bayou_shore_b
Lair:5:   layout_layer_cave, kennysheep_snail_temple, minmay_lair_oklob_chamber
Lair:6:   minmay_lair_end_enchanted_forest, layout_concentric_octagons,
          minmay_slime_entry_oklob_enclosed
Shoals:1: layout_shoals
Shoals:2: layout_shoals
Shoals:3: layout_shoals, st_cyclops
Shoals:4: shoals_end_grunt_ice, layout_shoals
Spider:1: layout_spider_delve, spiders_nest_spider_trap
Spider:2: layout_spider_delve, ebering_ghost_reflecting_pool
Spider:3: layout_spider_delve, portal_ice_cave_entry_ice_statue_two,
          nicolae_spider_cling_halls, uniq_arachne
Spider:4: spider_rune_water
Vaults:1: biasface_vaults_ghost_orc_armoury, nicolae_vaults_big_angled_halls,
          nicolae_vaults_what_the_h, hangedman_vaults_variations,
          vaults_dpeg_ring, ontoclasm_vaults_chip, dpeg_vaults_monster_row,
          v_misc_1, nicolae_vaults_network_star, ontoclasm_vaults_pinch,
          nicolae_vaults_big_angled_halls, vaults_room_mumra_shop_pool,
          serial_ice_m, vaults_room_hallway, layout_vaults_ring, uniq_asterion
Vaults:2: grunt_vaults_diagonal, v_misc_5, nicolae_vaults_three_branches,
          hangedman_vaults_trim, vaults_room_ringed_pool, v_misc_17, v_misc_22,
          vaults_room_fours, vaults_room_grunt_arrival_ludios, v_alt_pattern_6,
          vaults_dpeg_diagonal, vaults_dpeg_encased_lava,
          nicolae_vaults_ring_of_whatevers, layout_vaults_quadrants,
          serial_shops, statue_bzr
Vaults:3: dpeg_vaults_monster_box, nicolae_vaults_specimen_jars,
          grunt_vaults_trifunnel, v_misc_2, nicolae_vaults_asterisk,
          minmay_crypt_entry_skeletal_spiral, nicolae_vaults_circle_grid_a,
          vaults_room_pools, v_misc_1, v_misc_22, grunt_vaults_twisty,
          nicolae_vaults_yaktaur_gun_rack, vaults_mumra_chevron,
          ontoclasm_vaults_misaligned, layout_vaults_omnibox, uniq_sojobo,
          uniq_aizul, uniq_mennas
Vaults:4: vaults_mumra_minichess_inversion, grunt_tower_of_power,
          ontoclasm_vaults_decontamination, v_rooms_3, v_pattern_5,
          vaults_dpeg_spiral, nicolae_vaults_little_ls, nicolae_vaults_alarming,
          nicolae_vaults_little_squares_6, ontoclasm_vaults_loading_screen,
          vaults_room_pool, layout_vaults_maze_bifur
Vaults:5: serial_shops

Skill      XL: |  1  2  3  4  5  6  7  8  9 10 11 12 13 14 15 16 17 18 19 20 21 |
---------------+----------------------------------------------------------------+-----
Axes           | 3 4 5 6 8 9 11 13 15 17 18 20 22 23 24 25 27 | 27.0
Fighting       | 4 5 6 7 8 11 12 15 16 17 18 19 20 | 20.1
Invocations    | 1 5 8 10 11 13 14 16 17 18 | 18.0
Dodging        | 6 9 11 13 | 13.5
Armour         | 8 12 14 17 | 17.1
Shields        | |  3.2

Action                   |  1- 3 |  4- 6 |  7- 9 | 10-12 | 13-15 | 16-18 | 19-21 || total
-------------------------+-------+-------+-------+-------+-------+-------+-------++-------
Melee: War axe           |   101 |   176 |   153 |       |       |       |       ||   430
       Hand axe          |       |    78 |   227 |     8 |       |       |       ||   313
       Battleaxe         |       |       |       |   450 |       |       |       ||   450
       Executioner's axe |       |       |       |    59 |   820 |  1086 |  1062 ||  3027
Invok: Elemental Force   |       |       |       |       |       |       |     2 ||     2
       Disaster Area     |       |       |       |       |       |       |     1 ||     1
Evoke: Wand              |       |       |       |     1 |     6 |     2 |       ||     9
  Use: Scroll            |     2 |     9 |    15 |     9 |     8 |    13 |    16 ||    72
       Potion            |       |     3 |     1 |     2 |       |     5 |     1 ||    12
 Stab: Distracted        |       |       |       |       |     1 |       |       ||     1
  Eat: Chunk             |     1 |     7 |    17 |    18 |    28 |    33 |    24 ||   128
       Ration            |       |     1 |       |       |     1 |     5 |       ||     7
Armor: Scale mail        |     8 |       |       |       |       |       |       ||     8
       Plate armour      |    54 |   156 |   129 |       |       |       |       ||   339
       Crystal plate arm |       |       |    47 |   453 |   499 |   799 |   356 ||  2154
       Skin              |       |       |    10 |       |       |       |       ||    10
Dodge: Dodged            |    17 |    35 |    20 |    64 |   111 |   460 |   309 ||  1016
       Repelled          |       |       |       |     2 |     9 |    71 |    29 ||   111
Block: Kite shield       |    56 |   127 |   147 |     2 |       |       |       ||   332
       Other             |       |       |       |   109 |   227 |   397 |   214 ||   947

Table legend:
 A = Non-vault XP
 B = Vault XP
 C = Vault XP percentage of total XP
 D = Non-vault monster count
 E = Vault monster count
 F = Vault count percentage of total count
                 A         B        C        D         E       F
            +---------+---------+-------+---------+---------+-------
      Total |  323908 |  253355 |  43.9 |    1069 |     473 |  30.7
            +---------+---------+-------+---------+---------+-------
        D:1 |      42 |       0 |   0.0 |      25 |       0 |   0.0
        D:2 |     133 |      74 |  35.7 |      33 |      11 |  25.0
        D:3 |     178 |       0 |   0.0 |      20 |       0 |   0.0
        D:4 |     306 |       0 |   0.0 |      19 |       0 |   0.0
        D:5 |     716 |       0 |   0.0 |      17 |       0 |   0.0
        D:6 |     470 |     218 |  31.7 |      16 |       2 |  11.1
        D:7 |    1407 |     224 |  13.7 |      32 |       2 |   5.9
        D:8 |     424 |     433 |  50.5 |      21 |       1 |   4.5
        D:9 |    1746 |       0 |   0.0 |      28 |       0 |   0.0
       D:10 |    1714 |       0 |   0.0 |      30 |       0 |   0.0
       D:11 |    3941 |    1710 |  30.3 |      41 |      12 |  22.6
       D:12 |    6885 |    4134 |  37.5 |      37 |      34 |  47.9
       D:13 |    7073 |    3731 |  34.5 |      27 |       5 |  15.6
       D:14 |   16257 |    2315 |  12.5 |      42 |       3 |   6.7
       D:15 |    9501 |    8971 |  48.6 |      29 |      13 |  31.0
     Lair:1 |    2443 |    3560 |  59.3 |      18 |      11 |  37.9
     Lair:2 |    5607 |     623 |  10.0 |      20 |       3 |  13.0
     Lair:3 |    3466 |     228 |   6.2 |      12 |       2 |  14.3
     Lair:4 |    8785 |    2334 |  21.0 |      18 |       9 |  33.3
     Lair:5 |    6375 |    2696 |  29.7 |      23 |       7 |  23.3
     Lair:6 |   17241 |    7936 |  31.5 |      65 |      46 |  41.4
   Shoals:1 |   13079 |       0 |   0.0 |      28 |       0 |   0.0
   Shoals:2 |   18870 |       0 |   0.0 |      31 |       0 |   0.0
   Shoals:3 |   15519 |    5044 |  24.5 |      34 |       8 |  19.0
   Shoals:4 |   12884 |   19669 |  60.4 |      23 |      30 |  56.6
   Spider:1 |   28893 |    2360 |   7.6 |      82 |       8 |   8.9
   Spider:2 |   10047 |    1453 |  12.6 |      28 |       1 |   3.4
   Spider:3 |   16005 |    7627 |  32.3 |      45 |       5 |  10.0
   Spider:4 |   13186 |   19583 |  59.8 |      37 |      44 |  54.3
   Vaults:1 |   15649 |   35212 |  69.2 |      38 |      46 |  54.8
   Vaults:2 |   19161 |   14706 |  43.4 |      38 |      27 |  41.5
   Vaults:3 |   39540 |   51274 |  56.5 |      66 |      53 |  44.5
   Vaults:4 |   20156 |   23073 |  53.4 |      34 |      28 |  45.2
   Vaults:5 |    6209 |   33916 |  84.5 |      12 |      30 |  71.4
    Ossuary |       0 |     251 | 100.0 |       0 |      32 | 100.0
            +---------+---------+-------+---------+---------+-------
